 Dungeon Crawl Stone Soup version 0.31.0-11-ge490571c62 (webtiles) character file.

Game seed: 6137670296882417444

8 Silvore the Trooper (level 2, 0/24 HPs)
             Began as a Demonspawn Fighter on Feb 7, 2024.
             Slain by a hobgoblin (4 damage)
             ... on level 1 of the Dungeon.
             The game lasted 00:00:34 (298 turns).

Silvore the Trooper (Demonspawn Fighter)             Turns: 298, Time: 00:00:34

Health: 0/24       AC:  6    Str: 16    XL:     2   Next: 0%
Magic:  2/2        EV:  8    Int:  8    God:
Gold:   33         SH:  4    Dex: 12    Spells: 1/1 levels left

rFire   . . .        a - +0 long sword
rCold   . . .        c - +0 buckler
rNeg    . . .        b - +0 scale mail
rPois   .            (no helmet)
rElec   .            (no cloak)
rCorr   .            (no gloves)
SInv    .            (no boots)
Will    .....        (no amulet) Stlth
                     (no ring)
HPRegen 0.24/turn    (no ring)
MPRegen 0.08/turn

%: no passive effects
@: no status effects
A: demonic touch 1
a: no special abilities


You were on level 1 of the Dungeon.
You visited 1 branch of the dungeon, and saw 1 of its levels.

You collected 33 gold pieces.

Inventory:

Hand Weapons
 a - a +0 long sword (weapon)
Armour
 b - a +0 scale mail (worn)
 c - a +0 buckler (worn)
Scrolls
 e - a scroll of torment {unknown}
 f - a scroll of enchant weapon {unknown}
Potions
 d - a potion of might


   Skills:
 + Level 3.0 Fighting
 + Level 1.9 Long Blades
 + Level 2.8 Armour
 + Level 0.2 Dodging
 + Level 2.9 Shields


You had one spell level left.
You didn't know any spells.
Your spell library was empty.

Dungeon Overview and Level Annotations

Branches:
Dungeon (1/15)

Altars:


Innate Abilities, Weirdness & Mutations

Your touch may inflict minor irresistible damage on your foes.


Message History

The hobgoblin barely misses you. The hobgoblin completely misses you.
The hobgoblin hits you but does no damage.
The hobgoblin hits you. You block the hobgoblin's attack.
The goblin hits you but does no damage.
The hobgoblin hits you but does no damage.
The goblin closely misses you.
The hobgoblin hits you but does no damage.
The goblin hits you but does no damage. The hobgoblin closely misses you.
The goblin hits you with a +0 dagger. The hobgoblin barely misses you.
The goblin completely misses you. The hobgoblin hits you.
The goblin barely misses you.
The hobgoblin hits you but does no damage.
The goblin closely misses you. The hobgoblin closely misses you.
The goblin hits you but does no damage.
The hobgoblin hits you but does no damage.
You block the goblin's attack. The hobgoblin hits you.
The goblin hits you but does no damage. The hobgoblin hits you.
* * * LOW HITPOINT WARNING * * *
The goblin hits you but does no damage. The hobgoblin closely misses you.
The goblin hits you but does no damage. The hobgoblin closely misses you.
The goblin hits you with a +0 dagger.
* * * LOW HITPOINT WARNING * * *
You block the hobgoblin's attack. The goblin hits you but does no damage.
You block the hobgoblin's attack. The goblin hits you but does no damage.
The hobgoblin barely misses you. The goblin hits you but does no damage.
The hobgoblin hits you but does no damage.
The goblin hits you with a +0 dagger.
* * * LOW HITPOINT WARNING * * *
The hobgoblin hits you but does no damage.
The goblin barely misses you. The hobgoblin barely misses you.
The goblin closely misses you. The hobgoblin barely misses you.
The goblin closely misses you.
The hobgoblin hits you but does no damage.
The goblin hits you but does no damage. The hobgoblin hits you.
* * * LOW HITPOINT WARNING * * *
The goblin hits you but does no damage. The hobgoblin hits you.
You die...

..# ... ..# ..
#.# .. ...
.... ####.#
.#.# #...g#
.#.# #. #@#
.#.# .#
#.#g##.#.#..#
#.....#.#..###
#..#.##.#.....
####......#
........#....#
..#######....#
#....# #....#


You could see a hobgoblin and a goblin.

Vanquished Creatures
  A dart slug (D:1)
  3 bats (D:1)
  2 kobolds (D:1)
  A rat (D:1)
7 creatures vanquished.

Notes
Turn   | Place    | Note
-------+----------+-------------------------------------------
     0 | D:1      | Silvore the Demonspawn Fighter began the quest for the Orb.
     0 | D:1      | Reached XP level 1. HP: 18/18 MP: 1/1
   157 | D:1      | Gained mutation: Your touch may inflict minor irresistible
                  | damage on your foes. [demonic ancestry]
   157 | D:1      | Reached XP level 2. HP: 17/24 MP: 2/2
   298 | D:1      | Slain by a hobgoblin

Illustrated notes

Levels and vault maps discovered:
D:1:      lightli_arrival_statue_moat, layout_basic, hex_intersection

Action                     || total
---------------------------++-------
  Melee: Long sword        ||    33
 Armour: Scale mail        ||    96
  Dodge: Dodged            ||    62
  Block: Buckler           ||    33
